Map: [ESL] Berlingrad

Players

Bunny

  • Race: Terran Terran

Trap - Winner!

  • Race: Protoss Protoss

Event: IEM Katowice 2022

VOD

Have the link to the VOD?

Description

Time

  • Played on: Feb. 25, 2022, 6:47 a.m.
  • Length: 22:54

All games in this series

Show
View Real Time Build Order
Export as new Build Order

Bunny Terran 

Build Orders:  

Get SALT Encoding   

  12  0:00  SCV  
  13  0:12  SCV  
  14  0:17  Supply Depot  
  14  0:24  SCV  
  15  0:38  SCV  
  15  0:40  Barracks  
  15  0:42  Refinery  
  16  0:50  SCV  
  17  0:57  Barracks  
  17  1:03  SCV  
  18  1:10  Supply Depot  
  18  1:15  SCV  
  19  1:27  Reaper  
  19  1:31  Orbital Command  
  20  1:44  Reaper  
  21  1:56  SCV  
  23  2:01  Reaper  
  23  2:08  Command Center  
  23  2:10  SCV  
  24  2:17  Marine  
  24  2:18  Refinery  
  25  2:23  SCV  
  25  2:28  Supply Depot  
  26  2:33  Marine  
  26  2:35  SCV, Marine  
  29  2:41  Factory  
  29  2:47  SCV  
  29  2:51  Marine  
  31  2:53  Marine  
  32  2:59  SCV  
  33  3:08  Marine  
  33  3:11  SCV, Marine  
  34  3:24  Orbital Command  
  34  3:26  SCV, Marine  
  34  3:29  Marine  
  34  3:30  Barracks, Factory Tech Lab  
  34  3:39  SCV  
  35  3:49  Barracks Tech Lab  
  35  3:50  SCV  
  35  3:51  SCV  
  35  3:52  Cyclone  
  35  3:55  Supply Depot  
  40  3:59  Barracks Reactor  
  40  4:03  SCV x2  
  40  4:09  Marine  
  42  4:10  Stimpack  
  42  4:15  SCV x2  
  45  4:27  SCV x2, Engineering Bay  
  45  4:30  Combat Shield  
  47  4:32  Starport  
  47  4:35  Supply Depot  
  47  4:36  Factory Reactor  
  47  4:39  SCV x2  
  47  4:42  Marine x2  
  55  4:45  Marauder x2  
  55  4:47  Refinery  
  55  4:51  SCV x2  
  57  5:02  Marine x2  
  57  5:03  SCV x2  
  57  5:07  Supply Depot, Marauder x2  
  65  5:12  Supply Depot  
  64  5:15  SCV x2  
  64  5:20  Medivac x2  
  70  5:28  Marine x2  
  70  5:29  Factory Reactor, Marauder x2  
  70  5:33  Supply Depot  
  70  5:35  SCV x2  
  78  5:41  Supply Depot  
  77  5:44  Refinery  
  75  5:50  Medivac  
  75  5:54  SCV  
  75  5:55  SCV  
  75  5:56  Marauder x2  
  80  5:57  Marine x2  
  82  6:06  Widow Mine x2  
  82  6:09  Concussive Shells  
  86  6:13  SCV x2  
  86  6:17  Marine  
  86  6:18  Marauder x2, Marine  
  94  6:21  Supply Depot  
  94  6:28  SCV x2  
  96  6:33  Command Center  
  92  6:41  Marauder x2  
  92  6:42  Marine  
  92  6:43  Marine  
  92  6:46  Medivac  
  100  6:48  Medivac  
  102  7:00  Widow Mine x2  
  105  7:04  Marauder x2, Marine  
  105  7:05  Marine  
  105  7:11  SCV  
  106  7:21  Supply Depot, Barracks  
  106  7:22  Barracks  
  106  7:28  SCV x2, Ghost Academy  
  108  7:33  Armory  
  108  7:38  Supply Depot  
  108  7:40  SCV x2  
  110  7:45  Viking  
  110  7:47  Viking  
  114  7:55  SCV x2  
  116  7:59  Ghost x2  
  116  8:02  Enhanced Shockwaves  
  119  8:15  Viking  
  119  8:17  SCV x2, Viking  
  119  8:18  Orbital Command  
  125  8:20  Supply Depot  
  125  8:22  Barracks Reactor, Barracks Tech Lab  
  125  8:23  Marine  
  126  8:28  Terran Infantry Weapons Level 1, Marauder  
  126  8:29  SCV x2  
  130  8:37  Refinery  
  130  8:38  Marauder  
  130  8:39  Marine  
  133  8:41  Marine  
  133  8:42  SCV x2  
  133  8:44  SCV  
  137  8:48  Viking x2  
  137  8:49  Marauder  
  143  8:57  Ghost  
  145  9:05  SCV x3, Marine, Missile Turret  
  145  9:06  Supply Depot  
  145  9:07  Missile Turret  
  149  9:12  Supply Depot x2  
  149  9:13  Marine x3  
  149  9:24  Supply Depot  
  149  9:25  Supply Depot  
  149  9:27  Ghost x2  
  151  9:32  Viking x2  
  155  9:40  SCV x3  
  155  9:44  Refinery  
  158  9:47  Widow Mine  
  158  9:48  Widow Mine  
  158  9:51  Command Center  
  148  10:00  Command Center  
  148  10:01  Marauder x2  
  148  10:06  SCV x3  
  136  10:11  Marine x4  
  140  10:18  SCV  
  140  10:20  Viking x2  
  147  10:22  Terran Infantry Armor Level 1  
  147  10:26  Engineering Bay  
  147  10:28  Personal Cloaking  
  145  10:35  Ghost x2  
  145  10:40  Marine x4  
  148  10:47  Terran Ship Weapons Level 1  
  148  10:48  Marauder  
  149  10:56  Liberator  
  131  10:57  Widow Mine, Marine  
  131  10:58  Widow Mine, Marine  
  137  11:05  Marauder x2  
  137  11:07  Liberator  
  137  11:08  Marine  
  137  11:09  Marine  
  137  11:10  Marauder  
  148  11:13  Barracks  
  148  11:15  Barracks x2  
  145  11:24  Missile Turret  
  145  11:25  Ghost  
  143  11:27  Marine x4  
  143  11:28  Sensor Tower  
  149  11:38  Liberator  
  149  11:39  Marauder x2  
  156  11:47  Marine x4  
  156  11:53  Liberator  
  163  11:54  Marauder  
  163  11:58  Planetary Fortress  
  163  11:59  Refinery  
  163  12:00  SCV x3  
  168  12:04  Refinery  
  164  12:11  Marauder x2  
  164  12:12  Missile Turret, Sensor Tower  
  164  12:13  Marine x3  
  171  12:16  Marauder  
  171  12:18  Barracks Reactor  
  171  12:19  Barracks Tech Lab  
  171  12:21  SCV x3  
  176  12:25  Terran Infantry Weapons Level 2  
  176  12:34  Terran Infantry Armor Level 2  
  176  12:36  SCV x4  
  178  12:40  Liberator  
  179  12:45  Marauder x3  
  184  12:52  Terran Ship Weapons Level 2  
  184  12:54  Ghost  
  181  13:00  Barracks Tech Lab  
  181  13:01  Marine  
  181  13:02  Marine x3  
  185  13:11  Nuke  
  176  13:21  Missile Turret  
  176  13:22  Fusion Core, Starport  
  176  13:23  Missile Turret  
  179  13:27  Medivac  
  179  13:28  Medivac  
  180  13:35  Ghost x2  
  184  13:43  Command Center  
  184  13:45  Command Center  
  184  13:49  Ghost x2  
  187  14:06  Liberator x2  
  187  14:10  Ghost  
  187  14:11  Ghost  
  187  14:13  Marine x5  
  187  14:17  Nuke  
  196  14:25  Ghost  
  196  14:26  Missile Turret  
  196  14:27  Ghost  
  197  14:38  Ghost  
  199  14:46  Terran Infantry Weapons Level 3  
  199  14:51  Marine  
  199  14:52  Advanced Ballistics, Starport Reactor  
  197  15:14  Nuke  
  184  15:28  Liberator x2  
  183  15:41  Marauder  
  183  15:42  Marauder x2, Liberator  
  182  15:43  Liberator  
  182  15:49  Planetary Fortress  
  178  15:52  Marine x2  
  180  15:57  Marine  
  180  15:58  Marine x2  
  183  16:10  Liberator  
  182  16:22  Ghost  
  182  16:24  Terran Infantry Armor Level 3  
  175  16:27  Marauder  
  175  16:28  Liberator  
  175  16:31  Marine  
  175  16:32  Marine x3  
  181  16:44  Command Center  
  181  16:46  Missile Turret x2  
  175  16:47  Ghost x2  
  175  16:50  Marine  
  175  16:51  Command Center  
  180  16:58  Marine x3  
  180  16:59  Marine x2, Medivac  
  187  17:02  Command Center  
  187  17:04  Missile Turret  
  181  17:24  Nuke  
  181  17:30  Sensor Tower  
  181  17:32  Medivac x2  
  185  17:42  Medivac  
  181  17:57  Liberator  
  180  17:59  Command Center  
  180  18:02  Orbital Command  
  180  18:03  Marauder x2  
  177  18:24  Liberator x2  
  183  18:29  Marauder x4  
  183  18:30  Marine  
  183  18:31  Marine x3  
  183  18:32  Missile Turret  
  195  18:36  Missile Turret  
  195  18:40  Nuke  
  195  18:41  Marine x2  
  195  18:42  Marine  
  168  19:04  Marine, Marauder x3  
  169  19:14  Ghost x2  
  156  19:19  Marine x5  
  156  19:22  Marine  
  160  19:24  Ghost, Liberator  
  160  19:25  Ghost x2  
  165  19:37  Marine x5, Orbital Command  
  168  19:39  Marine  
  154  19:53  Marauder x2  
  154  19:54  Marauder x2  
  154  19:55  Marine x6  
  158  20:06  Liberator x2  
  128  20:30  Refinery  
  125  20:49  Medivac x2  
  124  20:51  Marine  
  125  20:59  Ghost  
  123  21:12  Refinery  
  123  21:13  Refinery  
  123  21:14  Missile Turret  
  123  21:17  Viking, Sensor Tower  
  122  21:30  Marauder x5  
  101  21:35  Marine  
  101  21:36  Marine x2  
  91  21:54  Planetary Fortress  
  91  22:00  Marine  
  91  22:01  Marine x2  
  94  22:13  Missile Turret  
  92  22:26  SCV x3  
Show
View Real Time Build Order
Export as new Build Order

Trap Protoss - Winner!

Build Orders: 1 Gate Expand, Blink Stalkers, Colossus Rush 

Get SALT Encoding   

  12  0:00  Probe  
  13  0:12  Probe  
  14  0:19  Pylon  
  14  0:24  Probe  
  15  0:37  Gateway, Probe (Chrono Boost)  
  16  0:46  Probe (Chrono Boost)  
  17  0:50  Assimilator  
  17  0:51  Probe  
  18  1:03  Probe  
  19  1:15  Probe  
  20  1:24  Cybernetics Core  
  21  1:37  Nexus  
  20  1:41  Pylon  
  20  1:44  Probe  
  21  1:49  Assimilator  
  21  1:56  Probe  
  21  1:57  Adept (Chrono Boost)  
  24  2:02  Warp Gate  
  24  2:08  Probe  
  25  2:17  Adept (Chrono Boost)  
  25  2:20  Probe  
  28  2:29  Twilight Council  
  28  2:32  Probe  
  29  2:40  Adept (Chrono Boost)  
  30  2:44  Probe  
  30  2:49  Probe  
  32  2:56  Probe  
  33  3:01  Stalker (Chrono Boost), Probe  
  33  3:05  Blink  
  36  3:11  Probe  
  36  3:13  Probe  
  35  3:25  Probe (Chrono Boost)  
  35  3:27  Probe (Chrono Boost)  
  34  3:38  Probe (Chrono Boost)  
  34  3:40  Robotics Facility  
  36  3:42  Probe (Chrono Boost)  
  36  3:43  Probe (Chrono Boost)  
  37  3:49  Probe  
  37  3:50  Stalker  
  37  3:52  Probe  
  41  4:01  Probe  
  41  4:02  Gateway  
  42  4:04  Probe (Chrono Boost)  
  43  4:15  Gateway  
  43  4:16  Probe (Chrono Boost)  
  45  4:18  Probe (Chrono Boost)  
  45  4:22  Pylon  
  45  4:25  Probe (Chrono Boost)  
  46  4:31  Probe  
  46  4:35  Assimilator  
  46  4:36  Warp Prism (Chrono Boost), Assimilator  
  46  4:38  Probe  
  46  4:44  Stalker  
  50  4:48  Robotics Bay  
  50  4:51  Probe  
  50  4:52  Pylon, Probe  
  52  4:57  Stalker  
  54  5:09  Pylon  
  54  5:10  Probe  
  54  5:11  Observer  
  54  5:12  Pylon  
  57  5:17  Stalker x2  
  57  5:21  Stalker  
  62  5:27  Pylon, Probe x2  
  64  5:35  Colossus (Chrono Boost)  
  68  5:45  Extended Thermal Lance  
  68  5:57  Sentry x2, Zealot  
  70  5:59  Forge  
  70  6:03  Pylon  
  74  6:10  Shield Battery  
  74  6:15  Colossus (Chrono Boost)  
  80  6:23  Stalker x2  
  80  6:24  Zealot  
  80  6:25  Probe x2  
  85  6:41  Nexus  
  85  6:43  Probe x2, Protoss Ground Weapons Level 1 (Chrono Boost)  
  85  6:44  Shield Battery  
  85  6:51  Shield Battery  
  85  6:53  Observer (Chrono Boost)  
  86  6:57  Zealot x2  
  88  7:03  Stalker  
  88  7:07  Nexus  
  88  7:10  Nexus  
  88  7:12  Shield Battery  
  88  7:16  Colossus (Chrono Boost)  
  94  7:29  Pylon  
  94  7:37  Charge  
  94  7:42  Pylon, Gateway  
  94  7:43  Gateway  
  94  7:47  Probe x2  
  94  7:48  Gateway  
  96  7:56  Pylon  
  96  7:59  Probe x2  
  96  8:03  Observer  
  96  8:04  Zealot x3  
  103  8:13  Pylon  
  103  8:19  Robotics Facility  
  105  8:21  Probe x2 (Chrono Boost)  
  105  8:22  Pylon, Probe (Chrono Boost)  
  106  8:28  Disruptor (Chrono Boost)  
  106  8:33  Probe (Chrono Boost), Protoss Ground Weapons Level 2 (Chrono Boost)  
  112  8:34  Probe x2 (Chrono Boost)  
  112  8:41  Shield Battery  
  112  8:50  Zealot x3  
  112  8:51  Zealot  
  120  8:58  Gateway  
  120  8:59  Gateway  
  120  9:03  Disruptor  
  120  9:06  Disruptor  
  126  9:10  Pylon  
  125  9:20  Zealot x3  
  125  9:21  Zealot x2  
  131  9:38  Disruptor  
  131  9:42  Zealot x5, Disruptor  
  147  9:46  Cybernetics Core  
  147  9:51  Dark Shrine  
  143  9:57  Pylon  
  121  10:12  Nexus  
  115  10:14  Pylon, Disruptor (Chrono Boost)  
  115  10:18  Disruptor (Chrono Boost)  
  121  10:26  Stalker x5  
  129  10:37  Pylon  
  129  10:41  Probe  
  129  10:42  Probe x2  
  124  10:54  Stalker x3, Zealot x4  
  138  11:01  Shadow Stride (Chrono Boost)  
  138  11:02  Photon Cannon  
  138  11:04  Protoss Ground Weapons Level 3 (Chrono Boost)  
  138  11:05  Shield Battery  
  138  11:07  Disruptor x2  
  144  11:23  Zealot  
  144  11:31  Probe  
  144  11:32  Probe x3  
  148  11:35  Zealot x6  
  148  11:39  Gravitic Drive  
  160  11:43  Assimilator  
  160  11:44  Assimilator  
  159  11:51  Nexus  
  159  11:52  Pylon  
  159  11:53  Observer  
  160  11:54  Observer  
  160  12:00  Photon Cannon  
  157  12:09  Stalker x5  
  157  12:11  Probe x2  
  157  12:12  Probe  
  170  12:18  Photon Cannon  
  170  12:19  Observer  
  171  12:28  Stargate  
  171  12:29  Probe  
  173  12:30  Probe x3  
  173  12:31  Pylon  
  173  12:36  Stalker x3  
  181  12:42  Stalker x2  
  185  12:45  Stalker  
  182  12:58  Nexus  
  182  13:09  Observer  
  182  13:10  Zealot  
  182  13:12  Probe x3  
  188  13:13  Probe  
  189  13:20  Shield Battery  
  189  13:21  Photon Cannon  
  189  13:24  Probe  
  190  13:36  Stargate  
  190  13:38  Protoss Ground Armor Level 1 (Chrono Boost)  
  190  13:40  Fleet Beacon  
  188  13:42  Stargate, Gateway  
  188  13:43  Gateway  
  188  13:47  Gateway  
  188  13:49  Gateway  
  188  13:58  Nexus  
  188  14:02  Assimilator  
  184  14:05  Shield Battery  
  182  14:17  Assimilator  
  182  14:18  Zealot x2  
  182  14:21  Gravitic Boosters  
  186  14:24  Stalker x4  
  186  14:25  Stalker  
  196  14:34  Pylon  
  195  14:45  Dark Templar x2  
  199  14:54  Photon Cannon  
  199  14:56  Photon Cannon  
  199  14:58  Pylon  
  187  15:12  Zealot x2, Dark Templar x4  
  187  15:13  Zealot  
  191  15:28  Zealot x3  
  191  15:29  Zealot  
  189  15:51  Dark Templar x3  
  189  15:53  Zealot x2  
  189  15:54  Assimilator  
  197  16:05  Stalker  
  197  16:08  Nexus  
  199  16:13  Gateway x2  
  199  16:20  Forge  
  198  16:28  Protoss Air Weapons Level 1  
  182  16:46  Observer  
  173  16:48  Stalker x5  
  183  17:00  Photon Cannon  
  182  17:02  Dark Templar x2  
  182  17:03  Zealot x2  
  186  17:11  Probe x5  
  189  17:19  Protoss Ground Armor Level 2 (Chrono Boost)  
  188  17:26  Pylon  
  185  17:37  Dark Templar x5  
  185  17:38  Dark Templar  
  197  17:45  Stalker  
  196  17:52  Dark Templar  
  196  17:56  Photon Cannon  
  196  17:57  Photon Cannon  
  194  18:00  Shield Battery  
  194  18:01  Shield Battery  
  194  18:06  Zealot x2  
  194  18:12  Probe x2  
  196  18:26  Assimilator  
  196  18:27  Assimilator  
  196  18:31  Observer x2  
  193  18:44  Stalker x2  
  193  18:47  Nexus  
  194  18:53  Observer  
  165  19:16  Carrier x3 (Chrono Boost)  
  162  19:22  Pylon  
  174  19:25  Observer  
  172  19:35  Zealot x10  
  190  19:39  Pylon  
  190  19:50  Photon Cannon  
  189  19:52  Photon Cannon  
  169  20:03  Stalker x2  
  169  20:04  Stalker x6  
  173  20:17  Zealot x2  
  173  20:18  Nexus  
  168  20:29  Assimilator  
  168  20:30  Assimilator, Probe (Chrono Boost)  
  168  20:34  Assimilator  
  169  20:40  Probe (Chrono Boost)  
  169  20:41  Stalker x4, Zealot x3  
  182  20:45  Probe (Chrono Boost)  
  187  20:50  Probe x3 (Chrono Boost)  
  187  20:51  Probe (Chrono Boost)  
  187  20:55  Probe (Chrono Boost)  
  188  21:00  Probe (Chrono Boost)  
  189  21:07  Disruptor (Chrono Boost)  
  189  21:11  Observer (Chrono Boost)  
  191  21:13  Probe (Chrono Boost)  
  191  21:16  Stalker x3  
  191  21:17  Zealot  
  172  21:38  Stalker x2  
  172  21:39  Stalker x3, Zealot x5  
  176  22:02  Dark Templar x2  
  176  22:03  Stalker x4, Nexus  
  176  22:04  Zealot x4  
  196  22:10  Probe (Chrono Boost)  
  196  22:11  Pylon  
  197  22:19  Probe (Chrono Boost)  
  198  22:24  Probe (Chrono Boost)  

Tags
 
Add a new tag
Caveats
  • Supply blocks, unpowered buildings, or Contaminate may cause inaccurate times.
  • Supply counts are checked every 10 seconds.